 Dungeon Crawl Stone Soup version 0.30-a0-782-ge64f9170bb (webtiles) character file.

Game seed: 749862647275650780

54 MacCMillion the Chopper (level 3, -1/31 HPs)
             Began as a Hill Orc Fighter on Feb 28, 2023.
             Killed from afar by Natasha (4 damage)
             ... with a magic dart
             ... on level 2 of the Dungeon.
             The game lasted 00:02:07 (1126 turns).

MacCMillion the Chopper (Hill Orc Fighter)          Turns: 1126, Time: 00:02:08

Health: -1/31      AC:  9    Str: 20    XL:     3   Next: 91%
Magic:  3/3        EV:  7    Int:  8    God:
Gold:   64         SH:  4    Dex: 10    Spells: 2/2 levels left

rFire   . . .      SeeInvis .    a - +0 war axe
rCold   . . .      Faith    .    c - +0 buckler
rNeg    . . .      Spirit   .    i - +0 chain mail
rPois   .          Reflect  .    (no helmet)
rElec   .          Harm     .    (no cloak)
rCorr   .          Rampage  .    (no gloves)
Will    .....                    (no boots) Stlth
                                 (no amulet)
HPRegen 0.25/turn                (no ring)
MPRegen 0.08/turn                (no ring)

@: slowed, very slow
A: no striking features
a: no special abilities


You were on level 2 of the Dungeon.
You visited 1 branch of the dungeon, and saw 2 of its levels.

You collected 64 gold pieces.

Inventory:

Hand Weapons
 a - a +0 war axe (weapon)
Missiles
 e - 2 poisoned darts (quivered)
Armour
 c - a +0 buckler (worn)
 i - a +0 chain mail (worn)
Jewellery
 k - a ring of willpower
Scrolls
 b - a scroll of immolation {unknown}
 l - a scroll of vulnerability {unknown}
Potions
 d - a potion of might
 f - a potion of lignification {unknown}
 g - a potion of brilliance {unknown}
 h - a potion of ambrosia {unknown}
 j - a potion of attraction {unknown}
 m - a potion of cancellation {unknown}


   Skills:
 - Level 3.6 Fighting
 + Level 4.7 Axes
 - Level 3.2 Armour
 - Level 4.0 Shields


You had 2 spell levels left.
You didn't know any spells.
Your spell library contained the following spells:

 Spells                   Type           Power      Damage    Failure   Level
 Blink                    Tloc           0%         N/A       100%        2
 Lesser Beckoning         Tloc           0%         N/A       100%        2
 Momentum Strike          Conj/Tloc      0%         3d8       100%        2
 Iskenderun's Battlesphe  Conj           0%         2d6       100%        5
 Iron Shot                Conj/Erth      0%         9d1       100%        6
 Spellforged Servitor     Conj/Summ      0%         N/A       100%        7


Dungeon Overview and Level Annotations

Branches:
Dungeon (2/15)

Altars:

Annotations:
D:2 Natasha


Message History

You block the shadow imp's attack.
You closely miss Natasha. You slash the shadow imp! Natasha claws you.
The shadow imp barely misses you.
You closely miss Natasha. You closely miss the shadow imp.
Natasha stares at you and mumbles some strange words.
You feel yourself slow down.
The shadow imp hits you but does no damage.
You slash Natasha!
Natasha is heavily wounded.
You hit the shadow imp. Natasha claws you!
The shadow imp hits you but does no damage.
Natasha closely misses you.
The shadow imp hits you but does no damage.
Natasha claws you but does no damage.
You hit Natasha.
Natasha is severely wounded.
You closely miss the shadow imp. The shadow imp barely misses you.
Natasha stares at you and mumbles some strange words.
The magic dart hits you but does no damage.
The shadow imp hits you but does no damage.
Natasha claws you!
* * * LOW HITPOINT WARNING * * *
You hit Natasha but do no damage.
Natasha is heavily wounded.
You slash the shadow imp!
You kill the shadow imp!
The shadow imp disappears in a puff of smoke!
Natasha claws you but does no damage. x2
You hit Natasha.
Natasha is severely wounded.
Natasha claws you but does no damage. Natasha completely misses you.
You barely miss Natasha.
Natasha is severely wounded.
Natasha claws you but does no damage. Natasha claws you.
* * * LOW HITPOINT WARNING * * *
You hit Natasha.
Natasha is almost dead.
Natasha casts a spell at you. The magic dart hits you.
You die...

..#####........##.......#
. ..########'#####
.......# . ......# #.#
.......# ......# #.#
.S.....## ......# #.##
#.......$ ......# #..#
#.....# ####### ##.##
#...#.# #..#####.....#
##..#.@†.....#
##..##h.##### ##........
........... .##......##.#
# #. .#.....# # ###.# #
#.#...... ..... .
#...#.#. ..##. ...#.# #..


You could see Natasha.

Vanquished Creatures
  An adder (D:2)
  A worm (D:2)
  2 dart slugs
  2 endoplasms
  A giant cockroach (D:1)
  5 hobgoblins
  4 kobolds
  2 quokkas
  6 ball pythons
  4 bats
  3 frilled lizards
  A goblin (D:1)
  8 rats
40 creatures vanquished.

Notes
Turn   | Place    | Note
-------+----------+-------------------------------------------
     0 | D:1      | MacCMillion the Hill Orc Fighter began the quest for the
                  | Orb.
     0 | D:1      | Reached XP level 1. HP: 19/19 MP: 1/1
   139 | D:1      | Reached XP level 2. HP: 26/26 MP: 2/2
   531 | D:1      | Reached XP level 3. HP: 29/31 MP: 3/3
  1110 | D:2      | Noticed Natasha
  1126 | D:2      | Killed from afar by Natasha

Illustrated notes

Levels and vault maps discovered:
D:1:      wander_arrival_lonely_grave, layout_basic,
          hangedman_abyss_or_decor_stabs, st_stairs_10
D:2:      layout_basic, uniq_natasha

Skill      XL: |  1  2  3 |
---------------+----------+-----
Axes           | 3 4 |  4.7
Shields        | 4 |  4.0
Fighting       | |  3.6
Armour         | |  3.2

Action                     || total
---------------------------++-------
  Melee: War axe           ||   118
 Armour: Scale mail        ||    19
         Chain mail        ||    40
  Dodge: Dodged            ||    57
  Block: Buckler           ||    24

Table legend: (Time is in decaauts)
 A = Elapsed time spent in this place.
 B = Non-inter-level travel time spent in this place.
 C = Inter-level travel time spent in this place.
 D = Time resting spent in this place.
 E = Time spent auto-exploring this place.
 F = Levels seen in this place.
 G = Mean time per level.
                   A        B        C        D        E       F      G
               +--------+--------+--------+--------+--------+-----+--------+
         Total |   1171 |   1152 |     19 |    157 |    657 |   2 |  585.5 |
       Dungeon |   1171 |   1152 |     19 |    157 |    657 |   2 |  585.5 |
               +--------+--------+--------+--------+--------+-----+--------+

Top non-repeatable levels by time:
     D:1: 680 daAuts
     D:2: 490 daAuts
